Map: Dusty Gorge

Players

Wazzani - Winner!

  • Race: Terran Terran
  • League: Silver
  • Spawn Location: 11:00

ILIEKEGGPIE - Winner!

  • Race: Protoss Protoss
  • League: Platinum
  • Spawn Location: 9:00

Birnensaft

  • Race: Protoss Protoss
  • Spawn Location: 3:00

Grzechu

  • Race: Terran Terran
  • Spawn Location: 5:00

VOD

Have the link to the VOD?

Description

Time

  • Played on: May 31, 2018, 3:08 p.m.
  • Length: 6:54
Show
View Real Time Build Order
Export as new Build Order

Wazzani Terran - Winner!

Build Orders:  

Get SALT Encoding   

  12  0:00  SCV  
  13  0:13  SCV  
  14  0:20  Supply Depot  
  14  0:25  SCV  
  15  0:37  Refinery  
  15  0:46  Barracks, SCV  
  16  0:58  SCV  
  16  1:03  Refinery  
  17  1:10  SCV  
  18  1:13  Supply Depot  
  18  1:35  Marine  
  18  1:36  Factory  
  18  1:39  SCV  
  20  1:51  SCV  
  20  1:53  Marine  
  22  2:03  SCV  
  23  2:11  Marine  
  23  2:15  Factory  
  24  2:16  SCV  
  25  2:23  Factory Reactor  
  25  2:30  Barracks Reactor  
  26  2:37  Supply Depot  
  25  2:59  Factory Tech Lab  
  25  3:01  Cyclone x2  
  31  3:08  Marine x2  
  33  3:17  Siege Tank  
  36  3:37  Marine x2  
  38  3:48  Supply Depot  
  38  4:09  Cyclone x2  
  44  4:11  Marine x2  
  44  4:13  Supply Depot  
  30  5:07  Marine x2  
  30  5:13  Cyclone  
  30  5:14  Cyclone  
  38  5:17  Siege Tank  
  41  5:22  Supply Depot  
  41  5:25  Marine x2  
  40  5:43  Marine x2  
  40  5:45  Supply Depot  
  42  6:01  Marine x2  
  42  6:03  Cyclone  
  47  6:04  Cyclone  
  50  6:18  Marine  
  50  6:19  Marine  
Show
View Real Time Build Order
Export as new Build Order

ILIEKEGGPIE Protoss - Winner!

Build Orders:  

Get SALT Encoding   

  12  0:01  Probe  
  13  0:09  Probe  
  14  0:18  Pylon  
  14  0:19  Probe  
  15  0:36  Probe  
  16  0:48  Probe  
  17  0:50  Gateway  
  17  0:52  Assimilator  
  17  1:00  Probe  
  18  1:09  Gateway  
  18  1:16  Probe  
  19  1:28  Probe  
  20  1:37  Pylon  
  20  1:38  Cybernetics Core  
  20  1:45  Assimilator  
  20  1:46  Probe  
  21  1:58  Probe  
  22  2:07  Stalker x2  
  22  2:10  Probe  
  23  2:16  Warp Gate  
  27  2:26  Pylon  
  27  2:38  Gateway  
  27  2:39  Stalker  
  27  2:41  Gateway  
  29  2:46  Stalker  
  31  2:58  Shield Battery  
  31  3:22  Shield Battery  
  31  3:26  Shield Battery  
  31  3:27  Stalker  
  33  3:28  Stalker  
  33  3:31  Stalker  
  35  4:21  Gateway  
  35  4:24  Robotics Facility  
  35  4:26  Stalker x2  
  33  5:31  Stalker x3  
  39  5:36  Pylon x2  
  29  5:57  Stalker x2  
  29  5:58  Stalker x3  
  29  6:02  Immortal  
  43  6:21  Stalker x3  
  43  6:22  Stalker  
  51  6:34  Pylon  
Show
View Real Time Build Order
Export as new Build Order

Birnensaft Protoss 

Build Orders:  

Get SALT Encoding   

  12  0:02  Probe  
  13  0:15  Probe  
  13  0:18  Assimilator  
  14  0:28  Pylon  
  14  0:30  Probe  
  15  0:46  Probe  
  15  0:48  Gateway  
  16  0:57  Assimilator  
  16  0:58  Probe  
  17  1:10  Probe  
  18  1:23  Forge  
  18  1:32  Gateway, Probe  
  19  1:38  Cybernetics Core  
  19  1:39  Pylon  
  19  1:44  Probe  
  20  2:24  Photon Cannon  
  20  2:25  Photon Cannon  
  20  2:30  Photon Cannon  
  20  3:03  Pylon  
  20  3:07  Photon Cannon  
  20  3:09  Photon Cannon  
  20  3:30  Assimilator  
  20  4:09  Photon Cannon  
  20  4:13  Photon Cannon  
  20  4:37  Photon Cannon  
  20  4:53  Shield Battery  
  20  4:55  Shield Battery  
  12  5:57  Pylon  
  12  6:00  Probe  
  12  6:01  Pylon  
  12  6:03  Pylon  
  13  6:12  Probe  
  14  6:24  Probe  
  15  6:36  Probe  
Show
View Real Time Build Order
Export as new Build Order

Grzechu Terran 

Build Orders:  

Get SALT Encoding   

  12  0:01  SCV  
  13  0:13  SCV  
  14  0:18  Refinery  
  14  0:28  Supply Depot  
  14  0:29  SCV  
  15  0:49  SCV  
  16  0:51  Barracks  
  16  1:01  SCV  
  17  1:13  SCV  
  18  1:25  SCV  
  19  1:46  Command Center  
  19  1:48  SCV  
  19  1:51  Supply Depot  
  20  1:55  Barracks  
  20  1:57  Barracks  
  20  2:09  Barracks  
  20  2:11  SCV  
  20  2:13  Barracks  
  21  2:23  SCV  
  22  2:37  Supply Depot, SCV  
  22  2:44  Marine  
  24  2:45  Marine x2  
  24  2:49  SCV  
  27  2:52  Refinery  
  27  3:01  Marine, SCV  
  27  3:02  Marine  
  30  3:12  Marine  
  30  3:13  Marine, SCV  
  30  3:14  Marine  
  30  3:19  Marine  
  35  3:26  SCV  
  36  3:28  Marine  
  36  3:30  Marine  
  36  3:31  Marine x2  
  36  3:33  Supply Depot  
  40  3:37  Marine  
  40  3:38  SCV  
  40  3:39  SCV  
  43  3:44  Engineering Bay  
  43  3:46  Marine  
  44  3:48  Marine  
  44  3:50  Supply Depot, SCV  
  44  3:51  SCV  
  47  3:58  Marine x3  
  50  4:04  Marine  
  50  4:06  Marine  
  52  4:16  Marine x3  
  55  4:21  Marine  
  55  4:24  Marine  
  56  4:30  Refinery  
  57  4:32  Refinery  
  57  4:34  Marine x3  
  60  4:39  Marine  
  60  4:42  Marine  
  62  4:51  Marine x2  
  62  4:52  Marine  
  64  5:07  Marine x2  
  64  5:09  Marine x3  
  63  5:25  Marine  
  63  5:27  Marine  
  58  5:48  Marine x4  
  58  5:49  Marine  
  61  6:06  Marine x5  
  56  6:24  Marine x5  
  58  6:38  Factory  
Tags
 
Add a new tag
Caveats
  • Supply blocks, unpowered buildings, or Contaminate may cause inaccurate times.
  • Supply counts are checked every 10 seconds.